 Dungeon Crawl Stone Soup version 0.28-a0-309-gf6d37e6e1d (webtiles) character file.

Game seed: 3811953470464471964

861 McIrco the Shield-Bearer (level 7, -1/66 HPs)
             Began as a Minotaur Fighter on Aug 30, 2021.
             Was an Initiate of Gozag.
             Splashed by a jelly's acid (8 damage)
             ... on level 5 of the Dungeon.
             The game lasted 00:07:52 (4410 turns).

McIrco the Shield-Bearer (Minotaur Fighter)         Turns: 4410, Time: 00:07:52

Health: -1/66      AC: 14    Str: 22 (23) XL:     7   Next: 71%
Magic:  6/6        EV:  9    Int:  3 (5)  God:    Gozag
Gold:   176        SH:  9    Dex:  9      Spells: 6/6 levels left

rFire   . . .      SeeInvis .   a - +0 war axe
rCold   . . .      Faith    .   c - +0 kite shield
rNeg    . . .      Spirit   .   n - +0 plate armour
rPois   .          Reflect  .   (helmet restricted)
rElec   .          Harm     .   (no cloak)
rCorr   .          Rampage  .   q - +0 pair of gloves
Will    .....                   (no boots)
Stlth   ..........              (no amulet)
HPRegen 0.21/turn               k - +4 ring of evasion
MPRegen 0.10/turn               j - ring of flight

@: flying, studying Fighting
A: horns 2, retaliatory headbutt
a: Renounce Religion, Potion Petition, Call Merchant, Bribe Branch


You were on level 5 of the Dungeon.
You worshipped Gozag.
Gozag was aware of your devotion.
You visited 2 branches of the dungeon, and saw 6 of its levels.

You collected 224 gold pieces.
You paid 48 gold pieces to Gozag.

Inventory:

Hand Weapons
 a - a +0 war axe (weapon)
Armour
 b - a +0 scale mail
 c - a +0 kite shield (worn)
 n - a +0 plate armour (worn)
 q - a +0 pair of gloves (worn)
Jewellery
 f - a ring of ice
 j - a ring of flight (right hand)
 k - a +4 ring of evasion (left hand)
Wands
 o - a wand of charming (11)
 p - a wand of iceblast (6)
Scrolls
 e - a scroll of torment
 h - 4 scrolls of identify
 m - a scroll of noise {unknown}
 s - a scroll of teleportation {unknown}
Potions
 g - a potion of cancellation


   Skills:
 + Level 7.4 Fighting
 - Level 2.4 Axes
 + Level 7.1 Armour
 + Level 7.6 Shields


You had 6 spell levels left.
You didn't know any spells.
Your spell library contained the following spells:

 Spells                   Type           Power      Damage    Failure   Level
 Beastly Appendage        Tmut           0%         N/A       100%        1
 Wereblood                Tmut           0%         N/A       100%        2
 Dazzling Flash           Conj/Hex       0%         N/A       100%        3
 Spider Form              Tmut/Pois      0%         N/A       100%        3
 Agony                    Necr           0%         N/A       100%        5
 Silence                  Hex/Air        0%         N/A       100%        5


Dungeon Overview and Level Annotations

Branches:
Dungeon (5/15)             Temple (1/1) D:4

Altars:
Cheibriados
Elyvilon
Gozag
Hepliaklqana
Makhleb
Nemelex Xobeh
Ru
Sif Muna
Trog
The Shining One

Annotations:
D:4 2 transporters


Innate Abilities, Weirdness & Mutations

You have a pair of horns on your head.
You reflexively headbutt those who attack you in melee.


Message History

You hit the gnoll.
The gnoll is no longer distracted by gold.
You headbutt the gnoll.
The gnoll is almost dead.
You feel sick.
The gnoll is distracted by your dazzling golden aura.
The gnoll shouts!
You slash the gnoll!
You kill the gnoll!
You feel sick.
You feel your strength returning.
You feel sick.
You are no longer poisoned.
The black bear growls angrily.
Things that are here:
6 gold pieces; a +0 club
Things that are here:
6 gold pieces; a +0 club
Things that are here:
5 gold pieces; a +0 whip of venom A black bear is nearby!
As you read the scroll labelled TAUSTR JOWIL, it crumbles to dust.
It is a scroll of identify.
e - a scroll of torment Blink to where?
Press: ? - help, Dir - move target
As you read the scroll labelled SOEGUISTRAF, it crumbles to dust.
It was a scroll of blinking.
As you read the scroll labelled GAUGAD ENNOI, it crumbles to dust.
You assume a fearsome visage.
The black bear looks frightened!
It was a scroll of fear.
A jelly comes into view.
The jelly quivers.
The jelly hits you but does no damage.
There is a stone staircase leading up here.
The jelly hits you.
* * * LOW HITPOINT WARNING * * *
You are splashed with acid!
You die...
Your body crumbles into a pile of gold.

.. ... #...#
....# #....
#.<.# #.#.#
#.#.# #.$.#
...###...# #...#
#......# #...#
#.####..#...#
#.$.#
#...$$.....#
##$## #......##
#.# #@J.....###
#.#
#.....#...####.#
#.....###...##.#
#...####
###.##.# #..###
#..#.# #..#
##.#.# ...#
#...## .##
###..## $ #...#


You could see a jelly.

Vanquished Creatures
  Sigmund (D:2)
  An ice beast (D:4)
  A centaur (D:4)
  Blork the orc (D:4)
  A scorpion (D:4)
  A jelly (D:3)
  An orc priest (D:4)
  A hound (D:4)
  A centaur skeleton (D:5)
  Ijyb (D:3)
  An iguana (D:5)
  An orc wizard (D:4)
  Robin (D:4)
  5 gnolls
  3 adders (D:2)
  2 worms
  18 orcs
  4 ball pythons
  2 bats (D:2)
  10 endoplasms
  A giant cockroach (D:4)
  11 hobgoblins
  6 jackals
  4 quokkas
  4 frilled lizards
  19 goblins
  10 kobolds
  A rat (D:3)
113 creatures vanquished.

Vanquished Creatures (others)
  A fungus (D:1)
  A plant (D:1)
  4 toadstools (D:1)
6 creatures vanquished.

Grand Total: 119 creatures vanquished

Notes
Turn   | Place    | Note
-------+----------+-------------------------------------------
     0 | D:1      | McIrco the Minotaur Fighter began the quest for the Orb.
     0 | D:1      | Reached XP level 1. HP: 19/19 MP: 0/0
   205 | D:1      | Reached XP level 2. HP: 27/27 MP: 1/1
   238 | D:1      | Found a faded altar of an unknown god.
   455 | D:1      | Reached XP level 3. HP: 24/33 MP: 2/2
  1180 | D:2      | Reached XP level 4. HP: 41/41 MP: 3/3
  1254 | D:2      | Noticed Sigmund
  1263 | D:2      | Killed Sigmund
  1264 | D:2      | Reached skill level 5 in Fighting
  1264 | D:2      | Reached skill level 5 in Armour
  1264 | D:2      | Reached skill level 5 in Shields
  1264 | D:2      | Reached XP level 5. HP: 38/48 MP: 4/4
  2022 | D:3      | Noticed Ijyb
  2039 | D:3      | Killed Ijyb
  2040 | D:3      | Reached XP level 6. HP: 52/56 MP: 5/5
  2332 | D:4      | Noticed Blork the orc
  2610 | D:4      | Found a transporter.
  3004 | D:4      | Noticed Robin
  3023 | D:4      | Killed Robin
  3107 | D:4      | Found a staircase to the Ecumenical Temple.
  3160 | D:4      | Killed Blork the orc
  3161 | D:4      | Reached XP level 7. HP: 9/64 MP: 6/6
  3482 | D:4      | Found a transporter.
  3711 | Temple   | Entered the Ecumenical Temple
  3785 | Temple   | Became a worshipper of Gozag Ym Sagoz the Greedy
  3828 | D:5      | Entered Level 5 of the Dungeon
  4410 | D:5      | Splashed by a jelly's acid

Illustrated notes

Levels and vault maps discovered:
D:1:      lemuel_arrival_muddy, layout_rooms, chequers_ecumenical_altar_twisty,
          serial_bayou_lagoon_a, minmay_gold_behind_fungi
D:2:      layout_rooms, minmay_pentomino_t4, uniq_sigmund
D:3:      layout_loops_ring, uniq_ijyb
D:4:      gammafunk_wand_slinger, layout_cave_pools, temple_doors_cd,
          uniq_robin, uniq_blork_the_orc
D:5:      cheibrodos_helix_gallery, layout_rooms, minmay_fractal_squares_5
Temple:   minmay_crystal_snake_temple

Skill      XL: |  1  2  3  4  5  6  7 |
---------------+----------------------+-----
Shields        | 4 5 6 7 |  7.6
Fighting       | 4 5 6 7 |  7.4
Armour         | 4 5 6 7 |  7.1
Axes           | |  2.4

Action                   |  1- 3 |  4- 6 |  7- 9 || total
-------------------------+-------+-------+-------++-------
Melee: War axe           |    88 |   144 |    67 ||   299
       Headbutt          |    19 |    19 |    12 ||    50
  Use: Potion            |       |     6 |     2 ||     8
       Scroll            |       |       |     3 ||     3
Armor: Scale mail        |    30 |       |       ||    30
       Plate armour      |    20 |    72 |    73 ||   165
       Skin              |       |    15 |       ||    15
Dodge: Dodged            |    23 |    53 |    37 ||   113
Block: Kite shield       |    51 |    89 |    52 ||   192

Table legend: (Time is in decaauts)
 A = Elapsed time spent in this place.
 B = Non-inter-level travel time spent in this place.
 C = Inter-level travel time spent in this place.
 D = Time resting spent in this place.
 E = Time spent auto-exploring this place.
 F = Levels seen in this place.
 G = Mean time per level.
                   A        B        C        D        E       F      G
               +--------+--------+--------+--------+--------+-----+--------+
         Total |   4592 |   4271 |    321 |    806 |   2510 |   6 |  765.3 |
       Dungeon |   4498 |   4220 |    278 |    806 |   2467 |   5 |  899.6 |
        Temple |     94 |     51 |     43 |      0 |     43 |   1 |   94.0 |
               +--------+--------+--------+--------+--------+-----+--------+

Top non-repeatable levels by time:
     D:4: 1456 daAuts
     D:3: 1155 daAuts
     D:1: 891 daAuts
     D:2: 845 daAuts
     D:5: 149 daAuts
  Temple: 94 daAuts
